 Dungeon Crawl Stone Soup version 0.20.1-1-g8b1a95d (webtiles) character file.

7446 polve the Cleaver (level 10, -1/100 HPs)
             Began as a Demonspawn Gladiator on July 29, 2017.
             Was an Elder of Makhleb.
             Slain by a tengu warrior
             ... wielding a +4 scimitar of electrocution
              (4 damage)
             ... on level 10 of the Dungeon.
             The game lasted 00:11:51 (11291 turns).

polve the Cleaver (Demonspawn Gladiator)           Turns: 11291, Time: 00:11:52

Health: -1/100     AC: 25    Str: 30    XL:     10   Next: 93%
Magic:  10/10      EV:  2    Int: 11    God:    Makhleb [****..]
Gold:   504        SH:  0    Dex: 24    Spells: 9/9 levels left

rFire    . . .     SeeInvis .   A - +0 battleaxe
rCold    . . .     Gourm    .   (shield currently unavailable)
rNeg     + + +     Faith    .   (armour currently unavailable)
rPois    +         Spirit   .   (helmet currently unavailable)
rElec    .         Reflect  .   (cloak currently unavailable)
rCorr    .         Harm     .   (gloves currently unavailable)
MR       .....     NoTele   +   (boots currently unavailable)
Stlth    ++++......             (no amulet)
Regen    0.3/turn               G - +4 ring of strength
MPRegen  0.2/turn               t - +3 ring of strength

@: mighty, agile, tree-form
A: thin skeletal structure 2, clever 1, demonic guardian 1, powered by pain 2,
wild magic 1
a: Minor Destruction, Lesser Servant of Makhleb, Major Destruction, Renounce
Religion


You were on level 10 of the Dungeon.
You worshipped Makhleb.
Makhleb was greatly pleased with you.
You were not hungry.
You were a tree.
You visited 1 branch of the dungeon, and saw 10 of its levels.
You also visited: Ossuary.

You collected 504 gold pieces.

Inventory:

Hand Weapons
 A - a +0 battleaxe (weapon)
Missiles
 d - 5 throwing nets (quivered)
Armour
 j - a +0 cloak (melded)
 o - a +1 ring mail of poison resistance (melded)
 w - a +2 pair of gloves (melded)
 I - a +2 pair of boots (melded)
Jewellery
 a - an uncursed ring of protection from cold {unknown}
 t - a +3 ring of strength (right branch)
 B - an uncursed ring of poison resistance
 G - a +4 ring of strength (left branch)
 O - an uncursed ring of flight {unknown}
Wands
 u - a wand of disintegration (19/24)
 H - a wand of flame (32/48)
 J - a wand of iceblast (12/15)
 N - a wand of lightning (4/15)
 Q - a wand of flame (15/48)
Scrolls
 e - a scroll of random uselessness {unknown}
 g - 9 scrolls of remove curse
 i - a scroll of recharging {unknown}
 k - 2 scrolls of immolation {unknown}
 m - 2 scrolls of enchant armour {unknown}
 n - 10 scrolls of identify {unknown}
 q - 9 scrolls of teleportation {unknown}
 y - 3 scrolls of enchant weapon {unknown}
 z - 2 scrolls of amnesia {unknown}
 E - a scroll of fog {unknown}
 L - a scroll of blinking {unknown}
 M - a scroll of summoning {unknown}
Potions
 b - 3 potions of flight
 h - 2 potions of magic {unknown}
 p - 2 potions of heal wounds {unknown}
 v - 5 potions of agility
 x - 2 potions of mutation
 C - 3 potions of lignification
 D - a potion of invisibility
 F - 2 potions of brilliance {unknown}
 K - a potion of haste {unknown}
 P - 2 potions of degeneration {unknown}
 R - a potion of ambrosia {unknown}
Books
 s - a book of Changes

   Spells                             Type                      Level
   a - Beastly Appendage              Transmutation                1
   b - Sticks to Snakes               Transmutation                2
   c - Spider Form                    Transmutation/Poison         3
   d - Ice Form                       Ice/Transmutation            4
   e - Blade Hands                    Transmutation                5
Comestibles
 c - 29 fruits
 f - 5 bread rations
 l - 6 meat rations
 r - 2 royal jellies
 S - a chunk of flesh


   Skills:
 - Level 2.0 Fighting
 + Level 14.7 Axes
 - Level 1.7 Throwing
 - Level 2.6 Armour
 - Level 2.6 Dodging


You had 9 spell levels left.
You didn't know any spells.

Dungeon Overview and Level Annotations

Branches:
Dungeon (10/15)            Temple (0/1) D:6
   Lair: D:8-11         Orc: D:9-12

Altars:
Elyvilon
Fedhas
Makhleb
Qazlal
Sif Muna
Vehumet

Shops:
D:6 !


Innate Abilities, Weirdness & Mutations

((You have a pair of small horns on your head.))
You have a moderately thin skeletal structure. (Dex +4, Stealth+)
A weak demonic guardian rushes to your aid.
You sometimes gain power by taking damage.
Your mind is acute. (Int +2)
Your spells are a little harder to cast, but a little more powerful.


Message History

The tengu warrior hits you with a scimitar of electrocution.
* * * LOW HITPOINT WARNING * * *
You are electrocuted!
* * * LOW HITPOINT WARNING * * *
The tengu warrior pecks you but does no damage.
The tengu warrior claws you but does no damage.
You slash the tengu warrior!
The tengu warrior is moderately wounded.
The tengu warrior hits you with a scimitar of electrocution!
* * * LOW HITPOINT WARNING * * *
You focus on the pain.
You feel very mighty all of a sudden.
The tengu warrior pecks you but does no damage.
The tengu warrior claws you but does no damage.
You hit the tengu warrior.
The tengu warrior is moderately wounded.
The tengu warrior hits you with a scimitar of electrocution.
* * * LOW HITPOINT WARNING * * *
The tengu warrior pecks you.
You die...

#.# #..#
#..##......... #.#
#..#
#..#..#######. #.#
###..####....## ##
#.###...........##
#
#.....#######..##
#.#..##)#.#?##.#
#...##..#.#..###
#..##.#.#.#.#.#..#
#..#)...#♣#.Y.$..#
##.#####)#Q#
#.....)###5....#
#.#####.# ####.# #
#.# #.# ## #.# .#
###. #.. # #...
##. ##.. # ##.


You could see a tengu warrior and a friendly iron imp.

Vanquished Creatures
  A manticore (D:8)
  A yaktaur (D:10)
  Grinder (D:3)
  A hippogriff (D:8)
  Prince Ribbit (D:6)
  Sigmund (D:4)
  A shadow (D:9)
  A wraith (D:10)
  A wyvern (D:10)
  Eustachio (D:6)
  2 hungry ghosts
  5 ice beasts
  An orc warrior (D:8)
  2 phantoms
  3 sky beasts
  5 ogres
  4 centaurs
  A crocodile (D:9)
  An elf zombie (Ossuary)
  2 big kobolds (D:9)
  5 bullfrogs
  A wyvern zombie (D:6)
  A gnoll sergeant (D:6)
  2 scorpions
  4 wights (D:7)
  A killer bee (D:8)
  3 crimson imps
  2 centaur zombies
  8 hounds
  3 human zombies (Ossuary)
  4 orc priests
  A jelly (D:8)
  11 worker ants
  Natasha (D:2)
  5 iguanas
  4 orc wizards
  A killer bee zombie (D:5)
  2 big kobold zombies (Ossuary)
  A hound skeleton (D:4)
  2 mummies (Ossuary)
  A worker ant zombie (D:9)
  10 gnolls
  14 adders
  2 shadow imps
  2 oozes
  An adder zombie (Ossuary)
  2 adder skeletons
  5 worms
  3 dart slugs
  6 leopard geckos
  26 orcs
  8 bats
  2 giant cockroaches
  5 goblins
  7 hobgoblins
  4 jackals (D:5)
  12 kobolds
  6 quokkas
  A ball python (D:2)
  5 frilled lizards
  A goblin zombie (Ossuary)
  5 hobgoblin zombies (Ossuary)
  A jackal zombie (Ossuary)
  13 kobold zombies (Ossuary)
  8 orc zombies (Ossuary)
  A quokka skeleton (D:5)
  8 rats
257 creatures vanquished.

Vanquished Creatures (collateral kills)
  A two-headed ogre (D:9)
  An ice beast (D:8)
  A bullfrog (D:7)
  3 killer bees (D:8)
  A wight (D:7)
  A crimson imp (D:9)
  An orc priest (D:6)
  An orc wizard (D:8)
  An orc (D:7)
  A hobgoblin zombie (Ossuary)
12 creatures vanquished.

Grand Total: 269 creatures vanquished

Notes
Turn   | Place    | Note
-------+----------+-------------------------------------------
     0 | D:1      | polve the Demonspawn Gladiator began the quest for the Orb.
     0 | D:1      | Reached XP level 1. HP: 16/16 MP: 1/1
   122 | D:1      | Reached skill level 3 in Axes
   274 | D:1      | Gained mutation: You have a somewhat thin skeletal structure. (Dex +2, Stealth) [demonic ancestry]
   274 | D:1      | Reached XP level 2. HP: 16/22 MP: 2/2
   677 | D:1      | Reached XP level 3. HP: 27/27 MP: 3/3
   872 | D:2      | Reached skill level 4 in Axes
  1115 | D:2      | Gained mutation: You sometimes gain a little power by taking damage. [demonic ancestry]
  1115 | D:2      | Reached XP level 4. HP: 21/33 MP: 4/4
  1364 | D:2      | Reached skill level 5 in Axes
  1535 | D:2      | Found a deep blue altar of Sif Muna.
  1551 | D:2      | Found a radiant altar of Vehumet.
  1553 | D:2      | Reached XP level 5. HP: 38/38 MP: 5/5
  1804 | D:2      | Noticed Natasha
  1807 | D:2      | Killed Natasha
  2052 | D:3      | Noticed Grinder
  2069 | D:3      | Killed Grinder
  2069 | D:3      | Reached skill level 6 in Axes
  2069 | D:3      | Gained mutation: You have a moderately thin skeletal structure. (Dex +4, Stealth+) [demonic ancestry]
  2069 | D:3      | Reached XP level 6. HP: 26/44 MP: 6/6
  2561 | D:3      | Reached skill level 7 in Axes
  2598 | D:3      | Found a burning altar of Makhleb.
  3005 | D:3      | Became a worshipper of Makhleb the Destroyer
  3191 | D:4      | Reached skill level 1 in Armour
  3191 | D:4      | Gained mutation: You have a pair of small horns on your head. [demonic ancestry]
  3191 | D:4      | Reached XP level 7. HP: 47/50 MP: 7/7
  3449 | D:4      | Noticed Sigmund
  3459 | D:4      | Killed Sigmund
  4172 | D:4      | Reached skill level 8 in Axes
  4904 | D:5      | Entered Level 5 of the Dungeon
  4913 | D:5      | Reached XP level 8. HP: 38/56 MP: 8/8
  5181 | D:5      | Reached skill level 9 in Axes
  5805 | D:5      | Found a white marble altar of Elyvilon.
  5805 | D:5      | Found a blossoming altar of Fedhas.
  5910 | D:6      | Reached skill level 10 in Axes
  5988 | D:6      | Reached * piety under Makhleb
  6577 | D:6      | Found a staircase to the Ecumenical Temple.
  6584 | D:6      | Noticed Prince Ribbit
  6605 | D:6      | Killed Prince Ribbit
  6605 | D:6      | Gained mutation: A weak demonic guardian rushes to your aid. [demonic ancestry]
  6605 | D:6      | Reached XP level 9. HP: 25/61 MP: 9/9
  6708 | D:6      | HP: 2/61 [orc priest/divine providence (14)]
  7077 | D:6      | Reached skill level 11 in Axes
  7146 | D:6      | Found Opallo's Distillery.
  7318 | D:6      | Found a stormy altar of Qazlal.
  7331 | D:6      | Noticed Eustachio
  7338 | D:6      | Killed Eustachio
  7393 | D:7      | Reached ** piety under Makhleb
  7664 | D:7      | Found a sand-covered staircase.
  7669 | Ossuary  | Entered an ossuary
  7786 | Ossuary  | Reached *** piety under Makhleb
  8003 | D:7      | Reached skill level 12 in Axes
  8367 | D:8      | Got a transparent robe
  8378 | D:8      | Identified the cursed +0 robe of the Sacrificial Victim {Int+3 SInv Stlth-} (You found it on level 8 of the Dungeon)
  8817 | D:8      | Noticed a manticore
  8832 | D:8      | Killed a manticore
  8832 | D:8      | Gained mutation: You sometimes gain power by taking damage. [demonic ancestry]
  8832 | D:8      | Reached XP level 10. HP: 27/67 MP: 10/10
  9096 | D:8      | Reached skill level 13 in Axes
  9152 | D:8      | Reached **** piety under Makhleb
  9623 | D:9      | Noticed a two-headed ogre
  9628 | D:9      | Killed a two-headed ogre
 10369 | D:9      | Reached skill level 14 in Axes
 10831 | D:10     | Entered Level 10 of the Dungeon
 11272 | D:10     | Noticed a tengu warrior
 11284 | D:10     | Gained mutation: Your mind is acute. (Int +2) [potion of mutation]
 11284 | D:10     | Gained mutation: Your spells are a little harder to cast, but a little more powerful. [potion of mutation]
 11291 | D:10     | HP: 3/100 [tengu warrior/scimitar of electrocution (6)]
 11291 | D:10     | Slain by a tengu warrior

Skill      XL: |  1  2  3  4  5  6  7  8  9 10 |
---------------+-------------------------------+-----
Axes           | 3 4 5 6 7 8 10 12 14 | 14.7
Armour         | 1 2 |  2.6
Fighting       | |  2.0
Throwing       | |  1.7
Dodging        | |  2.6

Action                   |  1- 3 |  4- 6 |  7- 9 | 10-12 || total
-------------------------+-------+-------+-------+-------++-------
Melee: War axe           |   100 |   180 |   118 |       ||   398
       Headbutt          |       |       |    81 |    47 ||   128
       Battleaxe         |       |       |   271 |   191 ||   462
  Use: Potion            |       |       |    10 |     2 ||    12
       Scroll            |       |       |     3 |       ||     3
 Stab: Sleeping          |     4 |       |     5 |     4 ||    13
       Distracted        |       |       |     4 |     1 ||     5
  Eat: Chunk             |     1 |     7 |    18 |     8 ||    34
       Royal jelly       |       |       |       |     1 ||     1
       Fruit             |       |       |       |     1 ||     1
Armor: Leather armour    |     6 |       |       |       ||     6
       Chain mail        |    55 |   123 |    46 |       ||   224
       Ring mail         |       |       |   165 |    55 ||   220
       Skin              |       |       |       |    10 ||    10
Dodge: Dodged            |    43 |    65 |   293 |    95 ||   496
